 Dungeon Sprint DCSS version 0.23.2-30-g0e89c35649 (webtiles) character file.

Game seed: 12724398192777129409

14901 HASTUR3 the Brawler (level 11, -1/120 HPs)
             Began as a Troll Monk on June 17, 2019.
             Was the Champion of Cheibriados.
             Killed from afar by a fire dragon (79 damage)
             ... with a blast of flame
             ... in the Dungeon (Sprint IX: "|||||||||||||||||||||||||||||").
             The game lasted 00:13:13 (1297 turns).

HASTUR3 the Brawler (Troll Monk)                    Turns: 1297, Time: 00:13:14

Health: -1/120     AC: 16    Str: 36    XL:     11   Next: 94%
Magic:  13/29      EV: 19    Int: 21    God:    Cheibriados [******]
Gold:   181        SH:  6    Dex: 30    Spells: 9/10 levels left

rFire    x . .     SeeInvis .     - Unarmed
rCold    + + .     Gourm    +   (no shield)
rNeg     . . .     Faith    .   z - +1 ice dragon scales
rPois    .         Spirit   .   (helmet restricted)
rElec    .         Reflect  +   A - +1 cloak
rCorr    .         Harm     .   (gloves unavailable)
MR       .....     NoTele   +   (boots unavailable)
Stlth    +.........             w - +6 amulet of reflection
HPRegen  0.70/turn              u - ring of magical power
MPRegen  0.21/turn              v - ring of wizardry

@: very slow
A: large, unfitting armour, claws 3, fast metabolism 3, gourmand, regeneration
1, shaggy fur 1, tough skin 3
a: Bend Time, Temporal Distortion, Slouch, Step From Time, Renounce Religion


You were in the Dungeon.
You worshipped Cheibriados.
Cheibriados was exalted by your worship.
You were very full.

You visited 1 branch You collected 1900 gold pieces.
You spent 1719 gold pieces at shops.

Inventory:

Armour
 z - +1 ice dragon scales (worn)
 A - a +1 cloak (worn)
Jewellery
 m - a +2 ring of protection
 n - a +2 ring of evasion
 s - an uncursed ring of fire
 u - a ring of magical power (left claw)
 v - a ring of wizardry (right claw)
 w - a +6 amulet of reflection (around neck)
 x - an uncursed ring of protection from magic
 y - an uncursed ring of ice
Wands
 k - a wand of iceblast (10)
Scrolls
 g - 4 scrolls of remove curse
 h - 5 scrolls of blinking
 i - 2 scrolls of fog
 j - 2 scrolls of amnesia
 q - 7 scrolls of enchant weapon
 r - 2 scrolls of enchant armour
Potions
 c - 7 potions of curing
 d - 3 potions of heal wounds
 e - a potion of invisibility
 f - 4 potions of magic
 o - 2 potions of agility
 p - a potion of brilliance
 t - a potion of flight
Comestibles
 b - 13 rations


   Skills:
 - Level 11.2 Fighting
 - Level 11.2 Dodging
 - Level 1.0 Stealth
 + Level 17.6 Unarmed Combat
 - Level 2.3 Necromancy
 - Level 14.5 Invocations


You had 9 spell levels left.
You knew the following spells:

 Your Spells              Type           Power        Failure   Level  Hunger
a - Animate Skeleton      Necr           N/A          6%          1    ##.....

Your spell library contained the following spells:

 Spells                   Type           Power        Failure   Level  Hunger
 Apportation              Tloc           #.....       16%         1    ##.....
 Confusing Touch          Hex            #.....       16%         1    ##.....
 Summon Small Mammal      Summ           #...         16%         1    ##.....


Dungeon Overview and Level Annotations

Branches:
Dungeon (1/1)

Altars:
Cheibriados
Dithmenos
Elyvilon
Fedhas
Gozag
Hepliaklqana
Kikubaaqudgha
Makhleb
Nemelex Xobeh
Okawaru
Qazlal
Ru
Sif Muna
Trog
Uskayaw
Vehumet
Wu Jian
Xom
Yredelemnul
Zin
The Shining One
Beogh
Jiyva
Lugonu

Shops:
D =*%:


Innate Abilities, Weirdness & Mutations

You are too large for most types of armour.
You have claws for hands.
Your metabolism is lightning-fast.
You like to eat raw meat.
Your natural rate of healing is unusually fast.
You are covered in fur. (AC +1)
You have extremely tough skin. (AC +3)


Message History

You kill the yaktaur!
Cheibriados thoroughly appreciates the change of pace.
You mangle the deep troll earth mage!!
The deep troll earth mage is almost dead.
The deep troll earth mage bites you but does no damage.
The deep troll earth mage barely misses you. x2
You closely miss the deep troll earth mage.
You claw the deep troll earth mage!
You kill the deep troll earth mage!
Cheibriados appreciates the change of pace.
The troll leather armour is intact enough to wear.
Your magical contamination has completely faded away.
The fire dragon breathes flames at you. The blast of flame hits you!!
The fire burns you terribly! The fire dragon barely misses you.
The fire dragon misses you.
The fire dragon tramples you but does no damage.
The fire dragon breathes flames at you. The blast of flame hits you!!!!
The fire burns you terribly!
Ouch! That really hurt!
You die...

▓▓▓▓▓▓▓▓▓▓▓▓▓▓▓▓▓▓▓▓▓▓▓▓
[.!..!.(((.%.)((@DD.....
▓▓▓▓▓▓▓▓▓▓▓▓▓▓▓▓▓▓▓▓▓▓▓▓▓▓▓▓▓▓▓▓▓
...).............................
▓▓▓▓▓▓▓▓▓▓▓▓▓▓▓▓▓▓▓▓▓▓▓▓▓▓▓▓▓▓▓▓▓
)))))....')).))∩.∩.∩)∩...).'.....
▓▓▓▓▓▓▓▓▓▓▓▓▓▓▓▓▓▓▓▓▓▓▓▓▓▓▓▓▓▓▓▓▓
.................................
▓▓▓▓▓▓▓▓▓▓▓▓▓▓▓▓▓▓▓▓▓▓▓▓▓▓▓▓▓▓▓▓▓
'.†÷.÷....'.†.†....[...'..[[[[..'


You could see a fire dragon and a steam dragon.

Vanquished Creatures
  A stone giant (D)
  A hydra (D)
  A centaur warrior (D)
  A deep troll earth mage (D)
  4 orc high priests (D)
  A wizard (D)
  2 orc knights (D)
  A cyclops (D)
  4 spiny frogs (D)
  A yaktaur (D)
  A komodo dragon (D)
  A tengu conjurer (D)
  A troll (D)
  A troll (shapeshifter) (D)
  A tyrant leech (D)
  A blink frog (D)
  4 hippogriffs (D)
  4 wyverns (D)
  A wraith (D)
  2 yaks (D)
  3 vampire mosquitoes (D)
  A soldier ant (D)
  2 porcupines (D)
  2 sky beasts (D)
  12 orc warriors (D)
  A black bear (D)
  3 ogres (D)
  5 crocodiles (D)
  2 bullfrogs (D)
  A wight (D)
  A howler monkey (D)
  A crimson imp (D)
  10 orc priests (D)
  2 orc wizards (D)
  An iguana (D)
  An ooze (D)
  A leopard gecko (D)
  11 orcs (D)
  2 hobgoblins (D)
  A jackal (D)
  A rat (D)
98 creatures vanquished.

Vanquished Creatures (collateral kills)
  A cyclops (D)
1 creature vanquished.

Grand Total: 99 creatures vanquished

Notes
Turn   | Place    | Note
-------+----------+-------------------------------------------
     0 | D        | HASTUR3 the Troll Monk began the quest for the Orb.
     0 | D        | Reached XP level 1. HP: 22/22 MP: 0/0
    10 | D        | Reached skill level 4 in Unarmed Combat
    16 | D        | Reached skill level 5 in Unarmed Combat
    16 | D        | Reached XP level 2. HP: 29/29 MP: 1/1
    26 | D        | Noticed an ogre
    26 | D        | Noticed a sky beast
    26 | D        | Noticed an ogre
    30 | D        | Killed an ogre
    30 | D        | Reached skill level 9 in Unarmed Combat
    30 | D        | Reached XP level 3. HP: 16/36 MP: 2/2
    30 | D        | Reached XP level 4. HP: 19/44 MP: 3/3
    37 | D        | Killed a sky beast
    37 | D        | Reached skill level 11 in Unarmed Combat
    37 | D        | Reached XP level 5. HP: 18/50 MP: 4/4
    49 | D        | Killed an ogre
    49 | D        | Reached skill level 12 in Unarmed Combat
    49 | D        | Reached XP level 6. HP: 22/59 MP: 5/5
   114 | D        | Found a roughly hewn altar of Beogh.
   114 | D        | Found a snail-covered altar of Cheibriados.
   114 | D        | Found a shadowy altar of Dithmenos.
   114 | D        | Found a white marble altar of Elyvilon.
   114 | D        | Found a blossoming altar of Fedhas.
   114 | D        | Found an opulent altar of Gozag.
   115 | D        | Found a hazy altar of Hepliaklqana.
   116 | D        | Found a viscous altar of Jiyva.
   117 | D        | Found an ancient bone altar of Kikubaaqudgha.
   118 | D        | Found a corrupted altar of Lugonu.
   119 | D        | Found a burning altar of Makhleb.
   122 | D        | Became a worshipper of Cheibriados the Contemplative
   122 | D        | Reached * piety under Cheibriados
   122 | D        | Reached ** piety under Cheibriados
   127 | D        | Found a sparkling altar of Nemelex Xobeh.
   128 | D        | Found an iron altar of Okawaru.
   129 | D        | Found a stormy altar of Qazlal.
   130 | D        | Found a sacrificial altar of Ru.
   131 | D        | Found a deep blue altar of Sif Muna.
   132 | D        | Found a bloodstained altar of Trog.
   133 | D        | Found a hide-covered altar of Uskayaw.
   134 | D        | Found a radiant altar of Vehumet.
   135 | D        | Found an ornate altar of the Wu Jian Council.
   136 | D        | Found a shimmering altar of Xom.
   137 | D        | Found a basalt altar of Yredelemnul.
   138 | D        | Found a glowing silver altar of Zin.
   139 | D        | Found a glowing golden altar of the Shining One.
   173 | D        | Noticed an orc warrior
   173 | D        | Noticed a wyvern
   178 | D        | Killed an orc warrior
   180 | D        | Killed a wyvern
   180 | D        | Reached skill level 5 in Fighting
   180 | D        | Reached skill level 5 in Dodging
   180 | D        | Reached XP level 7. HP: 50/72 MP: 6/6
   182 | D        | Reached *** piety under Cheibriados
   189 | D        | Reached **** piety under Cheibriados
   277 | D        | Noticed a centaur warrior
   277 | D        | Noticed a troll
   277 | D        | Noticed a hippogriff
   283 | D        | Killed a centaur warrior
   283 | D        | Reached skill level 13 in Unarmed Combat
   283 | D        | Reached XP level 8. HP: 71/88 MP: 7/7
   289 | D        | Killed a troll
   294 | D        | Killed a hippogriff
   294 | D        | Reached ***** piety under Cheibriados
   444 | D        | Noticed a spiny frog
   448 | D        | Reached XP level 9. HP: 94/98 MP: 7/9
   450 | D        | Killed a spiny frog
   450 | D        | Reached skill level 5 in Invocations
   451 | D        | Noticed an eight-headed hydra
   453 | D        | Reached ****** piety under Cheibriados
   463 | D        | Killed a ten-headed hydra
   467 | D        | Reached skill level 10 in Invocations
   483 | D        | Noticed a spiny frog
   486 | D        | Reached XP level 10. HP: 95/107 MP: 3/17
   492 | D        | Killed a spiny frog
   579 | D        | Noticed a spiny frog
   580 | D        | Noticed a spiny frog
   581 | D        | Killed a spiny frog
   581 | D        | Reached skill level 14 in Unarmed Combat
   588 | D        | Killed a spiny frog
   593 | D        | Reached skill level 10 in Fighting
   593 | D        | Reached skill level 10 in Dodging
   789 | D        | Noticed an orc knight
   796 | D        | Killed an orc knight
   796 | D        | Reached skill level 15 in Unarmed Combat
   802 | D        | Noticed an orc knight
   805 | D        | Reached XP level 11. HP: 52/119 MP: 5/19
   808 | D        | Killed an orc knight
   904 | D        | Found Zentitic's Jewellery Emporium.
   908 | D        | Found Luhiw's Assorted Antiques.
   908 | D        | Noticed an orc high priest
   911 | D        | Found Uhieph's Food Emporium.
   914 | D        | Killed an orc high priest
   933 | D        | Found Zubemmu's Book Shoppe.
   939 | D        | Noticed an orc high priest
   941 | D        | Noticed an orc high priest
   943 | D        | Noticed an orc high priest
   946 | D        | Killed an orc high priest
   946 | D        | Reached skill level 16 in Unarmed Combat
   948 | D        | Noticed a soul eater
   950 | D        | Killed an orc high priest
   954 | D        | Killed an orc high priest
  1014 | D        | Bought an uncursed ring of magical power for 280 gold
                  | pieces
  1014 | D        | Bought an uncursed ring of wizardry for 420 gold pieces
  1014 | D        | Bought a +6 amulet of reflection for 819 gold pieces
  1052 | D        | Bought a book of Cantrips for 200 gold pieces
  1058 | D        | Learned a level 1 spell: Animate Skeleton
  1175 | D        | Found the +3 sling "Punk" {acid, rCorr}
  1272 | D        | Noticed a stone giant
  1273 | D        | Reached skill level 1 in Necromancy
  1275 | D        | Noticed a wizard
  1277 | D        | Noticed a deep troll earth mage
  1281 | D        | Killed a stone giant
  1285 | D        | Noticed a fire dragon
  1286 | D        | Killed a wizard
  1290 | D        | Reached skill level 17 in Unarmed Combat
  1295 | D        | Killed a deep troll earth mage
  1297 | D        | Killed from afar by a fire dragon

Skill      XL: |  1  2  3  4  5  6  7  8  9 10 11 |
---------------+----------------------------------+-----
Unarmed Combat | 5 9 11 12 13 15 17 | 17.6
Fighting       | 5 8 9 10 11 | 11.2
Dodging        | 5 8 9 10 11 | 11.2
Invocations    | 2 11 12 14 | 14.5
Necromancy     | 2 |  2.3
Stealth        | |  1.0

Action                   |  1- 3 |  4- 6 |  7- 9 | 10-12 || total
-------------------------+-------+-------+-------+-------++-------
Melee: Unarmed           |    16 |    26 |    44 |    57 ||   143
       Punch             |       |     3 |     4 |     8 ||    15
 Cast: Animate Skeleton  |       |       |       |     5 ||     5
Invok: Slouch            |       |       |     2 |    16 ||    18
 Stab: Sleeping          |       |       |     1 |     2 ||     3
  Eat: Chunk             |       |     7 |     1 |     7 ||    15
Armor: Robe              |     2 |     3 |     9 |     5 ||    19
       Ice dragon scales |       |       |       |     4 ||     4
Dodge: Dodged            |     5 |     8 |    36 |    58 ||   107
Block: Other             |       |       |       |     3 ||     3
